 Dungeon Crawl Stone Soup version 0.25-a0-975-gcae8493d64 (webtiles) character file.

Game seed: 2332933471603767881, levelgen mode: deterministic

61 Flugslaktarn the Covered (level 3, -3/33 HPs)
             Began as a Minotaur Fighter on May 9, 2020.
             Slain by a worm (12 damage)
             ... on level 2 of the Dungeon.
             The game lasted 00:00:12 (630 turns).

Flugslaktarn the Covered (Minotaur Fighter)          Turns: 630, Time: 00:00:13

Health: -3/33      AC:  7    Str: 20    XL:     3   Next: 83%
Magic:  2/2        EV:  7    Int:  5    God:
Gold:   33         SH:  9    Dex: 10    Spells: 2/2 levels left

rFire    . . .     SeeInvis .   a - +0 war axe
rCold    . . .     Gourm    .   c - +0 kite shield
rNeg     . . .     Faith    .   b - +0 scale mail
rPois    .         Spirit   .   (helmet restricted)
rElec    .         Reflect  .   (no cloak)
rCorr    .         Harm     .   (no gloves)
MR       .....                  (no boots)
Stlth    ..........             (no amulet)
HPRegen  0.11/turn              (no ring)
MPRegen  0.08/turn              (no ring)

@: no status effects
A: retaliatory headbutt, horns 2
a: no special abilities


You were on level 2 of the Dungeon.
You were not hungry.

You visited 1 branch of the dungeon, and saw 2 of its levels.

You collected 33 gold pieces.

Inventory:

Hand Weapons
 a - a +0 war axe (weapon)
Armour
 b - a +0 scale mail (worn)
 c - a +0 kite shield (worn)
Jewellery
 f - an uncursed ring of stealth {unknown}
   (You found it on level 1 of the Dungeon)
Scrolls
 g - a scroll of teleportation {unknown}
 h - a scroll of remove curse {unknown}
 j - a scroll of fog {unknown}
Potions
 d - a potion of might
Comestibles
 e - 2 rations
 i - 7 chunks of flesh


   Skills:
 + Level 4.1 Fighting
 * Level 3.7 Axes
 + Level 4.1 Armour
 + Level 4.1 Shields


You had 2 spell levels left.
You didn't know any spells.
Your spell library was empty.

Dungeon Overview and Level Annotations

Branches:
Dungeon (2/15)

Altars:
Trog


Innate Abilities, Weirdness & Mutations

You reflexively headbutt those who attack you in melee.
You have a pair of horns on your head.


Message History

You hit the rat. You block the rat's attack.
The rat bites you but does no damage. The worm bites you.
You hit the worm.
You kill the worm!
You closely miss the rat. The rat closely misses you. You furiously retaliate!
You headbutt the rat, but do no damage. You block the rat's attack.
You completely miss the rat. You headbutt the rat.
You kill the rat!
The moth of wrath goads the worm on!
The worm goes berserk!
The moth of wrath goads the worm on!
The worm goes berserk!
You block the worm's attack. The worm barely misses you.
Things that are here:
a rat corpse x2
Your shield and scale mail prevent you from hitting the worm.
You headbutt the worm!
The worm is moderately wounded.
You barely miss the worm. The worm bites you.
* * * LOW HITPOINT WARNING * * *
You block the worm's attack. The worm bites you!
You die...

############
####..........#
#..........##.#
#........####'####
#.......##.......##
'......##.........##
#......#...........#
#......#....###.†..#
#......#...##y##@..#
#####..#....###ww..#
#### ..##.........##
.... .##...._....#
#### ##....)))## #
###..)### . ####


You could see a moth of wrath and 2 worms.

Vanquished Creatures
  4 gnolls (D:2)
  2 worms (D:2)
  A dart slug (D:1)
  4 hobgoblins
  2 jackals (D:1)
  A kobold (D:1)
  5 rats
19 creatures vanquished.

Notes
Turn   | Place    | Note
-------+----------+-------------------------------------------
     0 | D:1      | Flugslaktarn the Minotaur Fighter began the quest for the
                  | Orb.
     0 | D:1      | Reached XP level 1. HP: 19/19 MP: 0/0
   324 | D:1      | Reached XP level 2. HP: 23/27 MP: 1/1
   410 | D:2      | Reached XP level 3. HP: 16/33 MP: 2/2
   617 | D:2      | Noticed a moth of wrath
   619 | D:2      | Found a bloodstained altar of Trog.
   630 | D:2      | Slain by a worm

Illustrated notes

Levels and vault maps discovered:
D:1:      dpeg_arrival_three_same_balls, layout_rooms
D:2:      layout_basic, tgw_trog

Skill      XL: |  1  2 |
---------------+-------+-----
Axes           | 3 |  3.7
Fighting       | 4 |  4.1
Armour         | 4 |  4.1
Shields        | 4 |  4.1

Action                   || total
-------------------------++-------
Melee: War axe           ||    45
       Headbutt          ||     7
Armor: Scale mail        ||    25
Dodge: Dodged            ||    16
Block: Kite shield       ||    27

Table legend:
 A = Non-vault XP
 B = Vault XP
 C = Vault XP percentage of total XP
 D = Non-vault monster count
 E = Vault monster count
 F = Vault count percentage of total count
                 A         B        C        D         E       F
            +---------+---------+-------+---------+---------+-------
      Total |      81 |       7 |   8.0 |      16 |       3 |  15.8
            +---------+---------+-------+---------+---------+-------
        D:1 |      15 |       0 |   0.0 |       8 |       0 |   0.0
        D:2 |      66 |       7 |   9.6 |       8 |       3 |  27.3
            +---------+---------+-------+---------+---------+-------
